Map: Hecate LE

Players

Subwayeatn

  • Race: Zerg Zerg
  • League: Platinum
  • Spawn Location: 7:00

UNSCONI - Winner!

  • Race: Terran Terran
  • League: Diamond
  • Spawn Location: 1:00

VOD

Have the link to the VOD?

Description

Time

  • Played on: Nov. 3, 2023, 2:52 p.m.
  • Length: 10:37
Show
View Real Time Build Order
Export as new Build Order

Subwayeatn Zerg 

Build Orders: Hatch First 

Get SALT Encoding   

  12  0:00  Drone  
  13  0:12  Overlord  
  13  0:16  Drone  
  14  0:41  Hatchery  
  13  0:49  Drone  
  14  0:50  Drone  
  14  0:53  Drone  
  16  1:00  Drone  
  17  1:10  Drone  
  18  1:13  Extractor  
  18  1:18  Spawning Pool  
  16  1:28  Drone  
  16  1:32  Drone  
  18  1:46  Drone  
  19  1:53  Drone  
  20  1:57  Drone  
  21  2:05  Queen x2  
  21  2:07  Zergling x4  
  27  2:12  Metabolic Boost  
  27  2:19  Zergling x2  
  27  2:21  Overlord  
  28  2:29  Overlord  
  28  2:46  Queen  
  30  3:02  Hatchery  
  29  3:10  Drone x5  
  34  3:13  Drone  
  35  3:25  Queen  
  37  3:30  Overlord  
  37  3:48  Drone x8  
  37  3:49  Drone  
  46  3:57  Evolution Chamber  
  46  4:00  Evolution Chamber  
  44  4:07  Spine Crawler  
  43  4:24  Drone x3  
  43  4:25  Drone, Extractor  
  46  4:31  Spine Crawler  
  46  4:33  Queen  
  46  4:35  Lair  
  47  4:41  Baneling Nest  
  46  4:47  Drone x3, Spore Crawler  
  46  4:50  Drone x7  
  55  5:07  Zergling x6  
  58  5:24  Zerg Missile Weapons Level 1  
  58  5:25  Zerg Melee Weapons Level 1  
  58  5:26  Extractor  
  58  5:27  Extractor  
  56  5:28  Overlord  
  56  5:29  Overlord  
  50  5:50  Drone  
  50  5:51  Drone x4  
  50  5:52  Drone  
  56  5:59  Zergling x20  
  56  6:00  Zergling x2, Hydralisk Den  
  56  6:01  Infestation Pit  
  65  6:04  Overlord  
  65  6:15  Overseer  
  65  6:18  Overlord  
  65  6:21  Overseer  
  65  6:24  Queen  
  67  6:26  Queen  
  67  6:28  Grooved Spines  
  67  6:31  Overlord  
  69  6:33  Zergling x2  
  69  6:34  Hydralisk  
  69  6:35  Hydralisk x4  
  69  6:37  Hydralisk  
  82  6:48  Overlord  
  82  6:52  Drone x7  
  82  6:53  Drone  
  90  7:10  Hydralisk x4  
  98  7:16  Overlord  
  92  7:31  Hive  
  92  7:34  Zergling x14  
  92  7:35  Zergling x12  
  105  7:38  Baneling x5  
  105  7:39  Baneling x8  
  105  7:45  Extractor, Overlord x3  
  105  7:46  Extractor  
  105  7:48  Drone  
  105  7:49  Drone  
  105  8:10  Drone x9  
  114  8:17  Drone x2  
  114  8:19  Muscular Augments  
  116  8:20  Hatchery  
  116  8:25  Centrifugal Hooks  
  115  8:40  Drone x6  
  121  8:45  Overseer  
  121  8:55  Drone  
  122  9:02  Overlord  
  122  9:04  Drone  
  122  9:05  Drone x6  
  122  9:08  Overlord x2  
  129  9:16  Ultralisk Cavern  
  111  9:40  Zergling x14  
  111  9:41  Zergling x10  
  121  9:57  Overlord x2  
  121  10:01  Baneling  
  121  10:02  Baneling x23  
  116  10:07  Extractor  
  116  10:09  Zergling x4, Extractor  
  116  10:10  Zergling x12  
Show
View Real Time Build Order
Export as new Build Order

UNSCONI Terran - Winner!

Build Orders: Reaper Expand 

Get SALT Encoding   

  12  0:00  SCV  
  13  0:12  SCV  
  14  0:17  Supply Depot  
  14  0:24  SCV  
  15  0:38  SCV  
  15  0:40  Barracks  
  16  0:44  Refinery  
  16  0:50  SCV  
  17  1:03  SCV  
  18  1:15  SCV  
  19  1:30  Orbital Command  
  19  1:37  Command Center  
  19  1:45  Supply Depot  
  19  1:53  Reaper  
  20  1:55  SCV  
  21  2:07  SCV  
  22  2:19  Factory, SCV  
  23  2:26  Barracks Reactor  
  23  2:31  SCV  
  24  2:40  Command Center  
  24  2:43  SCV  
  25  2:48  Refinery  
  25  2:55  SCV  
  25  2:59  Orbital Command  
  25  3:05  Starport  
  25  3:07  SCV  
  25  3:11  Hellion  
  25  3:12  Hellion  
  30  3:16  Barracks Tech Lab  
  30  3:23  SCV  
  30  3:26  SCV  
  32  3:32  Hellion  
  32  3:33  Hellion  
  36  3:35  SCV  
  36  3:38  SCV  
  36  3:39  Stimpack  
  38  3:47  Barracks  
  39  3:48  SCV  
  39  3:51  SCV  
  40  3:59  Orbital Command  
  40  4:01  Barracks, SCV  
  41  4:08  Starport Reactor  
  41  4:09  SCV  
  42  4:14  SCV  
  42  4:16  Supply Depot, Refinery  
  43  4:17  Marine  
  43  4:23  SCV  
  45  4:26  SCV  
  45  4:27  SCV  
  47  4:35  SCV  
  47  4:38  SCV  
  49  4:41  Barracks Reactor  
  49  4:42  Factory Reactor  
  49  4:43  SCV  
  50  4:47  SCV  
  50  4:48  Barracks  
  50  4:50  Barracks, SCV  
  52  4:53  Engineering Bay x2  
  52  4:59  SCV  
  53  5:02  SCV, Refinery  
  53  5:04  Orbital Command  
  53  5:06  Marine x3  
  57  5:08  Medivac  
  57  5:09  Medivac  
  57  5:11  SCV  
  62  5:14  SCV  
  62  5:21  Terran Infantry Armor Level 1  
  63  5:23  SCV  
  64  5:30  SCV  
  64  5:31  SCV  
  64  5:33  Marine x2  
  64  5:34  Marine  
  69  5:41  Factory Tech Lab  
  69  5:45  Marine  
  69  5:49  SCV  
  69  5:58  Supply Depot  
  69  6:00  Supply Depot  
  69  6:01  Supply Depot  
  69  6:07  Armory  
  69  6:11  Marine  
  69  6:12  SCV x3  
  69  6:16  Barracks Tech Lab  
  73  6:19  Barracks  
  73  6:20  Barracks  
  73  6:24  SCV x2  
  75  6:25  Refinery  
  75  6:26  SCV  
  75  6:28  Refinery  
  75  6:30  Supply Depot, Engineering Bay  
  76  6:33  Marine x5  
  76  6:34  Marine  
  76  6:36  SCV x2  
  76  6:37  Supply Depot  
  76  6:38  Siege Tank, Marine  
  76  6:39  Marine  
  89  6:41  Medivac x2  
  93  6:51  SCV  
  93  6:52  Supply Depot, SCV x2  
  96  6:58  Marine x4  
  96  6:59  Marine x4  
  96  7:00  Combat Shield  
  104  7:03  SCV, Concussive Shells  
  104  7:04  SCV x2  
  104  7:07  Barracks Reactor, Barracks Tech Lab  
  107  7:11  Barracks  
  107  7:15  Terran Infantry Armor Level 2, Factory  
  107  7:16  Terran Infantry Weapons Level 1, Marine, SCV x3  
  111  7:23  Marine  
  111  7:24  Marine x6  
  111  7:28  SCV  
  111  7:29  SCV x2  
  121  7:35  Supply Depot  
  121  7:36  Supply Depot x2  
  121  7:38  Terran Vehicle Weapons Level 1  
  121  7:48  Command Center  
  121  8:06  Factory Tech Lab  
  121  8:17  Marauder x3, Marine x5  
  121  8:18  Marine x3  
  121  8:19  Siege Tank, Medivac x2  
  142  8:24  Supply Depot  
  142  8:29  Supply Depot  
  142  8:38  Supply Depot  
  142  8:40  Marine x4  
  142  8:41  Marine x3  
  148  8:45  Marine x4  
  148  8:47  Supply Depot  
  153  8:55  Supply Depot  
  153  8:57  Barracks Reactor  
  153  9:07  Marauder x3, Marine x6  
  153  9:08  Command Center, Marine x2  
  167  9:16  Siege Tank x2  
  173  9:17  Medivac  
  173  9:19  Medivac  
  170  9:44  Command Center  
  170  9:45  SCV x3  
  173  9:49  Marine, Marauder  
  176  9:56  Supply Depot  
  176  9:57  SCV  
Tags
 
Add a new tag
Caveats
  • Supply blocks, unpowered buildings, or Contaminate may cause inaccurate times.
  • Supply counts are checked every 10 seconds.